 Dungeon Crawl Stone Soup version 0.21-a0-55-gb612c23 (webtiles) character file.

28 KristoblXynda the Ducker (level 2, 0/14 HPs)
             Began as a Felid Monk on June 15, 2017.
             Slain by a kobold
             ... wielding a +1 short sword of distortion
              (2 damage)
             ... on level 1 of the Dungeon.
             The game lasted 00:01:23 (1050 turns).

KristoblXynda the Ducker (Felid Monk)               Turns: 1050, Time: 00:01:24

Health: 0/14       AC:  1    Str:  7    XL:     2   Next: 96%
Magic:  3/3        EV: 20    Int: 11    God:
Gold:   42         SH:  0    Dex: 18    Spells: 1/1 levels left
                                        Lives:  0   Deaths: 0

rFire    . . .     SeeInvis +     - Unarmed
rCold    . . .     Gourm    .   (shield unavailable)
rNeg     . . .     Faith    .   (armour unavailable)
rPois    .         Spirit   .   (helmet unavailable)
rElec    .         Reflect  .   (cloak unavailable)
rCorr    .         Harm     .   (gloves unavailable)
MR       .....                  (boots unavailable)
Stlth    +++.......             (no amulet)
HPRegen  0.04/turn              (no ring)
MPRegen  0.08/turn              (no ring)

@: quick
A: no armour, no weapons or thrown items, stealth, claws 1, fangs 3, see
invisible, carnivore 3, speed 1, shaggy fur 1, slow metabolism 1, sharp paws
a: no special abilities


You were on level 1 of the Dungeon.
You were very full.

You visited 1 branch of the dungeon, and saw 1 of its levels.

You collected 42 gold pieces.

Inventory:

Jewellery
 c - an uncursed ring of flight {unknown}
Scrolls
 d - 2 scrolls of identify {unknown}
 f - a scroll of magic mapping {unknown}
Potions
 b - a potion of cancellation {unknown}
 e - a potion of magic {unknown}
 g - a potion of heal wounds {unknown}
Comestibles
 a - 2 meat rations


   Skills:
 - Level 3.0 Fighting
 + Level 4.6 Dodging
 + Level 3.3 Stealth
 + Level 3.5 Unarmed Combat


You had one spell level left.
You didn't know any spells.

Dungeon Overview and Level Annotations

Branches:
Dungeon (1/15)

Altars:


Innate Abilities, Weirdness & Mutations

You cannot wear armour.
You are incapable of wielding weapons or throwing items.
Your paws allow you to move quietly. (Stealth)
You have sharp claws.
You have razor-sharp teeth.
You have supernaturally acute eyesight. (SInv)
You are carnivorous and can eat meat at any time.
You cover ground quickly.
You are covered in fur. (AC +1)
You have a slow metabolism.
Your sharp claws are effective at attacking unaware monsters.


Message History

A giant cockroach is nearby!
A kobold comes into view. It is wielding a short sword.
The giant cockroach bites you but does no damage.
A kobold comes into view.
It is wielding a short sword of distortion.
You closely miss the giant cockroach.
The kobold shouts!
Your bite misses the giant cockroach. The giant cockroach bites you.
You scratch the giant cockroach.
You kill the giant cockroach!
You see here a giant cockroach corpse.
The kobold hits you with a short sword of distortion.
Space warps horribly around you!
Ouch! That really hurt!
* * * LOW HITPOINT WARNING * * *
You scratch the kobold but do no damage.
The kobold completely misses you.
You scratch the kobold but do no damage.
Your bite misses the kobold.
The kobold hits you with a short sword of distortion.
You die...

#.... .....
#.... #### #....
... #.... ..#
##### #K# #K#
########### #@#
#.........# #.#
##.#........ #†#
#........#.# #.#
#..#.###.#.# #.#
#..#.# #.#.# .
#.# #..#.###....
. #.#
........... .
#.##.
........... #
###########.##.#
#...####++#


You could see 2 kobolds.

Vanquished Creatures
  2 oozes (D:1)
  A leopard gecko (D:1)
  A giant cockroach (D:1)
  2 hobgoblins (D:1)
  2 jackals (D:1)
  4 bats (D:1)
  2 goblins (D:1)
  3 kobolds (D:1)
  A rat (D:1)
18 creatures vanquished.

Notes
Turn   | Place    | Note
-------+----------+-------------------------------------------
     0 | D:1      | KristoblXynda the Felid Monk began the quest for the Orb.
     0 | D:1      | Reached XP level 1. HP: 10/10 MP: 2/2
   371 | D:1      | Reached XP level 2. HP: 14/14 MP: 3/3
  1050 | D:1      | Slain by a kobold

Vault maps used:
D:1:      dpeg_arrival_refuge, minivault_27

Skill      XL: |  1 |
---------------+----+-----
Stealth        | 3 |  3.3
Fighting       | |  3.0
Dodging        | |  4.6
Unarmed Combat | |  3.5

Action                   || total
-------------------------++-------
Melee: Unarmed           ||    59
       Bite              ||     4
       Punch             ||     3
  Eat: Chunk             ||     7
Armor: Skin              ||     3
Dodge: Dodged            ||    49
